 Dungeon Crawl Stone Soup version 0.26.0-57-g60708a5e39 (webtiles) character file.

Game seed: 16398037514786854268

36770 PentaManta the Grappler (level 13, -7/118 HPs)
             Began as a Ghoul Abyssal Knight on Feb 1, 2021.
             Was the Champion of Lugonu.
             Mangled by an orc high priest
             ... wielding a +0 trident
              (12 damage)
             ... on level 2 of the Orcish Mines.
             The game lasted 00:43:57 (23067 turns).

PentaManta the Grappler (Ghoul Abyssal Knight)     Turns: 23067, Time: 00:43:57

Health: -7/118     AC:  0    Str: 21    XL:     13   Next: 92%
Magic:  19/19      EV: 10    Int:  7    God:    Lugonu [******]
Gold:   1342       SH:  0    Dex:  8    Spells: 12/12 levels left

rFire    + . .     SeeInvis .     - Unarmed
rCold    + . .     Faith    .   (no shield)
rNeg     + + +     Spirit   .   v - +3 plate armour {rF+}
rPois    ∞         Reflect  .   I - +0 helmet
rElec    .         Harm     .   J - +2 cloak {rCorr}
rCorr    +         Rampage  .   r - +0 pair of gloves
Will     .....                  (no boots)
Stlth    ..........             (no amulet)
HPRegen  0.00/turn              K - ring of resist corrosion
MPRegen  0.16/turn              F - +4 ring of slaying

@: corroded
A: claws 1, cold resistance 1, negative energy resistance 3, inhibited
regeneration, torment resistance, unbreathing
a: Renounce Religion, Depart the Abyss, Bend Space, Banish, Corrupt, Enter the
Abyss, Brand Weapon With Distortion


You were on level 2 of the Orcish Mines.
You worshipped Lugonu.
Lugonu was exalted by your worship.
You visited 2 branches of the dungeon, and saw 14 of its levels.
You visited the Abyss 1 time.
You also visited: Sewer and Volcano.

You collected 1342 gold pieces.

Inventory:

Hand Weapons
 b - a +5 dagger
 x - a cursed -1 hunting sling
 y - a +2 trident of venom
Missiles
 f - 28 poisoned darts
 w - 3 javelins
 A - 43 boomerangs
 L - 2 atropa-tipped darts
Armour
 a - +0 steam dragon scales
 p - a +0 troll leather armour {Purgy}
 r - a +0 pair of gloves (worn)
 v - a +3 plate armour of fire resistance (worn)
 z - a +0 leather armour of willpower
 I - a +0 helmet (worn)
 J - a +2 cloak of preservation (worn)
 S - a scarf of harm
Jewellery
 F - a +4 ring of slaying (right hand)
 H - an uncursed amulet of regeneration {unknown}
 K - a ring of resist corrosion (left hand)
 O - an uncursed ring of flight
Wands
 c - a wand of acid (10)
 t - a wand of iceblast (13)
 Q - a wand of flame (14) (quivered)
Scrolls
 e - a scroll of enchant weapon
 j - 9 scrolls of remove curse
 l - 3 scrolls of enchant armour
 s - 5 scrolls of teleportation
 C - a scroll of magic mapping
 D - 3 scrolls of fog
 R - 2 scrolls of blinking
Potions
 d - 3 potions of heal wounds
 g - 3 potions of resistance
 h - 2 potions of cancellation
 i - a potion of ambrosia
 n - a potion of magic
 o - a potion of attraction {unknown}
 u - a potion of curing
 M - a potion of haste
 N - 3 potions of brilliance
 T - a potion of experience {unknown}


   Skills:
 - Level 12.0 Fighting
 - Level 10.0 Armour
 + Level 10.7 Dodging
 + Level 12.1 Unarmed Combat
 - Level 10.0 Invocations


You had 12 spell levels left.
You didn't know any spells.
Your spell library contained the following spells:

 Spells                   Type           Power        Failure   Level
 Foxfire                  Conj/Fire      0%           100%        1
 Freeze                   Ice            0%           100%        1
 Conjure Flame            Conj/Fire      0%           100%        3
 Dazzling Flash           Conj/Hex       0%           100%        3
 Inner Flame              Hex/Fire       0%           100%        3
 Cause Fear               Hex            0%           100%        4
 Sticky Flame             Conj/Fire      0%           100%        4
 Summon Lightning Spire   Summ/Air       0%           100%        4
 Fireball                 Conj/Fire      0%           100%        5
 Silence                  Hex/Air        0%           100%        5
 Conjure Ball Lightning   Conj/Air       0%           100%        6
 Invisibility             Hex            0%           100%        6
 Tornado                  Air            0%           100%        9


Dungeon Overview and Level Annotations

Branches:
Dungeon (13/15)              Lair (0/6) D:10            Orc (2/2) D:9
    Elf (0/3) Orc:2         Sewer (visited)         Volcano (visited)
 Temple: D:4-7       Vaults: D:13-14

Altars:
Dithmenos
Makhleb
Okawaru
Sif Muna
Trog
Xom
Yredelemnul
Beogh

Shops:
D:8 :   Orc:2 =?


Innate Abilities, Weirdness & Mutations

You thrive by killing the living.
You are immune to poison.
You have sharp fingernails.
Your flesh is cold resistant. (rC+)
You are immune to negative energy. (rN+++)
You do not regenerate when monsters are visible.
You are immune to unholy pain and torment.
You can survive without breathing.


Message History

The orc high priest is severely wounded.
The hellwing hits you. x2; The orange demon closely misses you.
The orc hits you with a +0 club. The rust devil hits you.
The rust devil corrodes you!
You hit the orc high priest but do no damage.
The orc high priest is severely wounded.
The orc high priest mumbles some strange prayers to Beogh against you.
Beogh smites you!
* * * LOW HITPOINT WARNING * * *
The hellwing hits you!
* * * LOW HITPOINT WARNING * * *
The hellwing barely misses you. The rust devil hits you!
* * * LOW HITPOINT WARNING * * *
The rust devil corrodes you! The orange demon stings you from afar.
* * * LOW HITPOINT WARNING * * *
The orc barely misses you.
You hit the orc high priest.
The orc high priest is almost dead.
The orc high priest hits you with a +0 trident!
You die...

#...._.............')...#
#8.......8...8...8.####.'
##...8...##........####.#
##.....##.........#..#.#
##...##......#...#..'..
######.....##..##..#.[
##...).#...#####..
#o....##...##.....
#@))..#....##.####
#o44..##...###.#).#
.4....##....# #.'..#
.......## ###..#
........## #### .8.....##
#.## ......# ##.# .....#
#.. ##.


You could see an orc high priest, an orange demon (summoned), a hellwing
(summoned), a rust devil (summoned) and an orc.

Vanquished Creatures
  Josephine (D:11)
  A boulder beetle (D:11)
  Erica (Orc:1)
  An ogre mage (D:12)
  9 two-headed ogres
  A hell hog (Volcano)
  2 orc high priests (Orc:2)
  A fire crab (Volcano)
  Pikel (D:8)
  An ugly thing (D:12)
  A lindwurm (Orc:1)
  3 orc knights (Orc:2)
  4 orc sorcerers
  A cyclops (Orc:1)
  2 molten gargoyles (Volcano)
  A gargoyle (D:11)
  4 trolls
  A meliai (D:12)
  Grinder (D:3)
  9 yaks (D:12)
  A wyvern (D:11)
  6 wraiths
  5 fire bats (Volcano)
  4 steam dragons
  A two-headed ogre zombie (D:12)
  5 wargs (Orc:2)
  An acid dragon (D:12)
  A hell hound (Volcano)
  Purgy (Sewer)
  A sky beast (D:8)
  A hornet zombie (D:12)
  33 orc warriors
  4 ice beasts
  32 ogres
  A necrophage (D:10)
  2 eyes of draining
  2 phantoms
  4 centaurs
  6 bullfrogs
  2 big kobolds (D:11)
  A wyvern zombie (D:7)
  7 scorpions
  A wyvern skeleton (D:7)
  16 killer bees
  10 wights
  6 howler monkeys
  6 lava snakes (Volcano)
  4 centaur zombies
  Crazy Yiuf (D:7)
  A bullfrog zombie (D:9)
  27 orc priests
  8 hounds
  A bullfrog skeleton (D:4)
  2 centaur skeletons (D:11)
  2 iguanas (D:9)
  28 orc wizards
  6 worker ants
  Ijyb (D:5)
  4 hound skeletons
  2 worker ant zombies
  2 howler monkey skeletons
  4 gnolls (D:11)
  16 adders
  A river rat (D:3)
  3 shadow imps
  3 white imps
  An ooze (D:3)
  A worm (D:4)
  3 dart slugs
  7 leopard geckos
  101 orcs
  2 giant cockroaches (D:1)
  10 goblins
  6 hobgoblins
  12 jackals
  12 kobolds
  5 quokkas
  2 ball pythons
  11 bats
  6 frilled lizards
  A leopard gecko skeleton (D:5)
  A quokka skeleton (D:9)
  7 rats
510 creatures vanquished.

Vanquished Creatures (others)
  An orc (Orc:1)
1 creature vanquished.

Grand Total: 511 creatures vanquished

Notes
Turn   | Place    | Note
-------+----------+-------------------------------------------
     0 | Abyss:1  | PentaManta the Ghoul Abyssal Knight began the quest for the
                  | Orb.
     0 | Abyss:1  | Reached XP level 1. HP: 19/19 MP: 1/1
    74 | Abyss:1  | Noticed a starcursed mass
    76 | Abyss:1  | Noticed a large abomination
    78 | D:1      | Escaped the Abyss
   493 | D:1      | Reached XP level 2. HP: 13/26 MP: 2/2
   495 | D:1      | Reached * piety under Lugonu
   767 | D:1      | Reached XP level 3. HP: 23/31 MP: 3/3
  1466 | D:2      | Reached XP level 4. HP: 20/38 MP: 4/4
  1879 | D:2      | Reached skill level 5 in Unarmed Combat
  2038 | D:2      | Reached ** piety under Lugonu
  2468 | D:3      | Noticed Grinder
  2490 | D:3      | Killed Grinder
  2491 | D:3      | Reached XP level 5. HP: 15/45 MP: 5/5
  2491 | D:3      | Reached XP level 6. HP: 17/51 MP: 6/6
  2872 | D:3      | Found a glowing drain.
  2876 | Sewer    | Entered a sewer
  3097 | Sewer    | Noticed Purgy
  3107 | Sewer    | Killed Purgy
  3108 | Sewer    | Reached XP level 7. HP: 30/57 MP: 7/7
  3804 | D:3      | Found a burning altar of Makhleb.
  4341 | D:4      | Found a basalt altar of Yredelemnul.
  4398 | D:4      | Reached *** piety under Lugonu
  4538 | D:4      | Found a shimmering altar of Xom.
  4914 | D:4      | HP: 2/57 [ogre/+0 giant spiked club (28)]
  4961 | D:5      | Entered Level 5 of the Dungeon
  5273 | D:4      | Reached XP level 8. HP: 42/63 MP: 8/8
  5544 | D:5      | Noticed Ijyb
  5551 | D:5      | Killed Ijyb
  5552 | D:5      | Reached skill level 10 in Unarmed Combat
  5989 | D:5      | Reached skill level 1 in Dodging
  6186 | D:5      | You fall into a shaft and drop 2 floors!
  6193 | D:7      | Got a polished mace
  6239 | D:7      | Found a shadowy altar of Dithmenos.
  6955 | D:7      | HP: 2/66 [orc/+0 war axe (5)]
  7346 | D:7      | Reached skill level 5 in Invocations
  7346 | D:7      | Reached XP level 9. HP: 53/72 MP: 11/11
  7661 | D:7      | Found a shadowy altar of Dithmenos.
  7855 | D:7      | Reached skill level 5 in Fighting
  8381 | D:7      | Found a runed translucent door.
  8382 | D:7      | Noticed Crazy Yiuf
  8470 | D:7      | Killed Crazy Yiuf
  8839 | D:8      | Reached **** piety under Lugonu
  9005 | D:8      | Found Zoben's Book Shop.
  9163 | D:8      | Noticed Pikel
  9177 | D:8      | Killed Pikel
  9392 | D:8      | Found a shimmering blue altar of Sif Muna.
  9451 | D:9      | Found a staircase to the Orcish Mines.
  9481 | D:9      | Noticed a two-headed ogre
  9489 | D:9      | Killed a two-headed ogre
  9490 | D:9      | Reached XP level 10. HP: 32/84 MP: 13/15
 10015 | D:9      | Reached skill level 5 in Armour
 10018 | D:9      | Found an iron altar of Okawaru.
 10060 | D:10     | Entered Level 10 of the Dungeon
 10816 | D:9      | Reached skill level 5 in Dodging
 10826 | D:9      | Noticed a two-headed ogre
 10831 | D:9      | Banished a two-headed ogre
 11483 | D:10     | Found a staircase to the Lair.
 12140 | D:11     | Reached XP level 11. HP: 77/93 MP: 17/17
 12450 | D:11     | Reached ***** piety under Lugonu
 12464 | D:11     | Noticed a boulder beetle
 12475 | D:11     | Killed a boulder beetle
 12476 | D:11     | Reached skill level 10 in Invocations
 13224 | D:11     | Noticed Josephine
 13236 | D:11     | Killed Josephine
 14383 | D:12     | Noticed a purple ugly thing
 14388 | D:12     | Banished a purple ugly thing
 14534 | D:12     | Reached XP level 12. HP: 88/105 MP: 18/18
 15118 | D:12     | Reached skill level 10 in Fighting
 15482 | D:12     | Noticed a two-headed ogre
 15482 | D:12     | Noticed a two-headed ogre
 15483 | D:12     | Noticed a two-headed ogre
 15497 | D:12     | Killed a two-headed ogre
 15503 | D:12     | Killed a two-headed ogre
 15516 | D:12     | Killed a two-headed ogre
 15834 | D:12     | Noticed a two-headed ogre
 15846 | D:12     | Noticed a two-headed ogre
 15850 | D:12     | Killed a two-headed ogre
 16276 | D:12     | Killed a two-headed ogre
 16377 | D:12     | Noticed an ogre mage
 16392 | D:12     | Killed an ogre mage
 16498 | D:12     | Noticed a two-headed ogre
 16507 | D:12     | Killed a two-headed ogre
 16910 | Orc:1    | Entered Level 1 of the Orcish Mines
 16915 | Orc:2    | Entered Level 2 of the Orcish Mines
 17035 | Orc:2    | Noticed a two-headed ogre
 17039 | Orc:2    | Killed a two-headed ogre
 17073 | Orc:1    | Noticed Erica
 17093 | Orc:1    | Killed Erica
 17093 | Orc:1    | Reached ****** piety under Lugonu
 17094 | Orc:1    | Reached XP level 13. HP: 75/116 MP: 19/19
 17139 | Orc:1    | Found a dark tunnel.
 17148 | Volcano  | Entered a volcano
 18202 | Volcano  | Found a burning altar of Makhleb.
 18796 | Orc:1    | Identified the +8 mace "Pecalen" {protect, rF- rN+ Dex+6}
                  | (You found it on level 7 of the Dungeon)
 19090 | Orc:1    | Found a bloodstained altar of Trog.
 20015 | Orc:2    | Found a roughly hewn altar of Beogh.
 20031 | Orc:2    | Found Nuddekix's Antique Armour Emporium.
 20312 | Orc:2    | Found Nal Dogg's Magic Scroll Shoppe.
 20586 | Orc:2    | Reached skill level 10 in Armour
 20933 | Orc:2    | Reached skill level 10 in Dodging
 21283 | Orc:2    | Paralysed by an orc sorcerer for 5 turns
 21308 | Orc:2    | Identified the Incunabulum of Frigorific Execration
 21654 | Orc:2    | Found a staircase to the Elven Halls.
 21704 | Orc:2    | Noticed an orc warlord
 21936 | Orc:1    | Banished an orc warlord
 22665 | Orc:2    | Found Cap Ityo's Jewellery Boutique.
 23019 | Orc:2    | Found a roughly hewn altar of Beogh.
 23066 | Orc:2    | HP: 5/118 [orange demon[an orc high priest] (3)]
 23067 | Orc:2    | Mangled by an orc high priest

Illustrated notes

Levels and vault maps discovered:
D:1:      sevenhm_arrival_forest_fort_small_6, layout_rooms, serial_aquarium,
          aquarium_bridge_square [aquarium_subvault_window,
          aquarium_subvault_wall, aquarium_subvault_bridge,
          aquarium_subvault_balcony], aquarium_window_corridor_3,
          aquarium_window_corner, aquarium_view_2b, aquarium_balcony_3a
D:2:      layout_basic, kennysheep_cross_bottleneck
D:3:      layout_basic, makhleb_heckhound_becter, gup_sewer_entry_bowl,
          serial_co_window_serial, co_window_paths_a, co_window_corner_a,
          co_window_paths_a, co_window_of_opportunity_a, co_window_paths_a,
          co_window_corner_a, co_window_corner_a, co_window_of_opportunity_a,
          co_window_corner_a, co_window_paths_c, co_window_corner_ca,
          co_window_2corner, co_window_corner_cb, co_window_corner_ca,
          co_window_unsneaky_path_a, co_window_paths_d, glass_columns_c,
          glass_columns_c, glass_columns_b, uniq_grinder
D:4:      layout_gridville, lemuel_crystal_altar, general_overflow_altar,
          minmay_diced_spiral
D:5:      layout_loops_ring, uniq_ijyb
D:7:      layout_basic, basic_altar, grunt_dithmenos_smoke_and_mirrors,
          uniq_crazy_yiuf_cottage
D:8:      layout_basic, lemuel_blue_sif_altar, serial_shops,
          nicolae_shop_window_shopping, uniq_pikel
D:9:      layout_irregular_city, orc_0_dummy, basic_altar
D:10:     layout_rooms, lair_entry_dummy, kennysheep_generic_room_2
D:11:     layout_roguey, minmay_starry_boxes, uniq_josephine
D:12:     lemuel_ogre_cave, layout_basic, grunt_ministairs_11,
          chequers_serial_rivers_room_b
D:13:     layout_stronghold, skrybe_vaults_entry_preservation,
          lemuel_flamethrower_2, uniq_sonja, uniq_maurice
Orc:1:    layout_caves, nicolae_volcano_entry_vermiform, basic_altar, uniq_erica
Orc:2:    pubby_orc_utopia, serial_shops

Skill      XL: |  1  2  3  4  5  6  7  8  9 10 11 12 13 |
---------------+----------------------------------------+-----
Unarmed Combat | 3 4 7 8 9 10 12 | 12.1
Dodging        | 2 4 5 7 9 10 | 10.7
Armour         | 3 4 5 7 9 10 | 10.0
Invocations    | 5 8 9 10 | 10.0
Fighting       | 4 6 7 9 11 12 | 12.0

Action                   |  1- 3 |  4- 6 |  7- 9 | 10-12 | 13-15 || total
-------------------------+-------+-------+-------+-------+-------++-------
Melee: Unarmed           |   109 |   171 |   379 |   729 |   548 ||  1936
       Punch             |       |     1 |     9 |    31 |    19 ||    60
       Trident           |       |       |       |     7 |       ||     7
Invok: Depart the Abyss  |     1 |       |       |       |       ||     1
       Banish            |       |       |       |     2 |     1 ||     3
  Use: Scroll            |       |     4 |     1 |    22 |       ||    27
       Potion            |       |       |     2 |       |     4 ||     6
Armor: Ring mail         |    54 |   100 |    20 |       |       ||   174
       Scale mail        |       |       |    84 |    45 |       ||   129
       Chain mail        |       |       |       |   294 |    11 ||   305
       Plate armour      |       |       |       |       |   281 ||   281
       Leather armour    |       |       |       |       |    31 ||    31
Dodge: Dodged            |    80 |   119 |   180 |   409 |   284 ||  1072
